 Dungeon Crawl Stone Soup version 0.29-a0-416-g83a48905f1 (webtiles) character file.

Game seed: 9283845906908513716

1745 Hubjo the Firebug (level 8, -6/48 HPs)
             Began as a Deep Elf Fire Elementalist on May 16, 2022.
             Was an Initiate of Ashenzari.
             Mangled by a two-headed ogre
             ... wielding a +0 giant club
              (14 damage)
             ... on level 6 of the Dungeon.
             The game lasted 00:14:15 (7793 turns).

Hubjo the Firebug (Deep Elf Fire Elementalist)      Turns: 7793, Time: 00:14:16

Health: -6/48      AC:  5    Str:  5    XL:     8   Next: 77%
Magic:  14/20      EV: 12    Int: 23    God:    Ashenzari [......]
Gold:   210        SH:  0    Dex: 15    Spells: 11/21 levels left

rFire   . . .      SeeInvis .   y - +2 dagger (speed)
rCold   . . .      Faith    .   B - orb {*Rage}
rNeg    . . .      Spirit   .   a - +0 robe
rPois   .          Reflect  .   l - +1 helmet
rElec   .          Harm     .   (no cloak)
rCorr   .          Rampage  .   (no gloves)
Will    .....      Rage     20% x - +0 pair of boots
Stlth   +++.......              v - amulet of magic regeneration
HPRegen 0.16/turn               (no ring)
MPRegen 0.57/turn               (no ring)

@: no status effects
A: no striking features
a: Renounce Religion


You were on level 6 of the Dungeon.
You worshipped Ashenzari.
Ashenzari was noncommittal.
You visited 2 branches of the dungeon, and saw 7 of its levels.

You collected 210 gold pieces.

Inventory:

Hand Weapons
 s - a +2 hand axe of flaming
 y - a +2 dagger of speed (weapon)
Missiles
 b - 2 throwing nets
Armour
 a - a +0 robe (worn)
 l - a +1 helmet (worn)
 x - a +0 pair of boots (worn)
 B - an orb of wrath (worn)
Jewellery
 f - an amulet of faith
 v - an amulet of magic regeneration (around neck)
Wands
 c - a wand of polymorph (11)
 t - a wand of paralysis (5)
Scrolls
 e - a scroll of magic mapping
 h - a scroll of vulnerability
 i - a scroll of amnesia
 j - 2 scrolls of poison {unknown}
 k - 2 scrolls of enchant weapon {unknown}
 m - 2 scrolls of blinking {unknown}
 n - a scroll of enchant armour
 o - a scroll of torment
 q - a scroll of fog
 z - a scroll of silence {unknown}
 A - 2 scrolls of identify
Potions
 d - a potion of flight {unknown}
 g - 3 potions of heal wounds {unknown}
 p - a potion of curing
 r - a potion of attraction {unknown}
 u - a potion of degeneration {unknown}
 w - a potion of magic
 C - a potion of lignification {unknown}


   Skills:
 + Level 4.3 Fighting
 - Level 2.4 Dodging
 + Level 6.8 Stealth
 + Level 7.1 Spellcasting
 * Level 3.3 Conjurations
 - Level 7.6 Fire Magic


You had 11 spell levels left.
You knew the following spells:

 Your Spells              Type           Power      Damage    Failure   Level
a - Foxfire               Conj/Fire      100%       2x1d9     1%          1
b - Flame Wave            Conj/Fire      33%        2d8       8%          4
c - Fireball              Conj/Fire      16%        3d8       22%         5

Your spell library contained the following spells:

 Spells                   Type           Power      Damage    Failure   Level
 Scorch                   Fire           86%        2d9       1%          2
 Conjure Flame            Conj/Fire      33%        6-21      2%          3
 Inner Flame              Hex/Fire       25%        N/A       4%          3
 Freeze                   Ice            32%        1d5       8%          1
 Sting                    Tmut/Pois      32%        1d4       8%          1
 Blink                    Tloc           16%        N/A       12%         2
 Poisonous Vapours        Pois/Air       16%        N/A       12%         2
 Frozen Ramparts          Ice            16%        1d3       22%         3
 Hailstorm                Conj/Ice       15%        3d5       36%         4
 Iskenderun's Battlesphe  Conj           23%        2d8       47%         5
 Olgreb's Toxic Radiance  Pois           8%         N/A       58%         4
 Manifold Assault         Tloc           8%         N/A       91%         5
 Conjure Ball Lightning   Conj/Air       7%         3x3d6     99%         6
 Orb of Destruction       Conj           11%        9d6       100%        7
 Storm Form               Tmut/Air       4%         N/A       100%        7


Dungeon Overview and Level Annotations

Branches:
Dungeon (6/15)             Temple (1/1) D:5

Altars:
Ashenzari
Cheibriados
Dithmenos
Elyvilon
Fedhas
Hepliaklqana
Kikubaaqudgha
Makhleb
Nemelex Xobeh
Okawaru
Qazlal
Sif Muna
Uskayaw
Vehumet
Wu Jian
Yredelemnul
Zin
The Shining One

Shops:
D:5 *


Message History

The foxfire hits the water moccasin zombie.
The water moccasin zombie is lightly damaged.
You conjure some foxfire!
The foxfire hits the water moccasin zombie.
The water moccasin zombie is lightly damaged.
The water moccasin zombie barely misses you.
You conjure some foxfire!
The foxfire hits the water moccasin zombie.
The water moccasin zombie is moderately damaged.
The water moccasin zombie bites you.
You conjure some foxfire!
The foxfire hits the water moccasin zombie.
The water moccasin zombie is moderately damaged.
The foxfire hits the water moccasin zombie.
The water moccasin zombie is moderately damaged.
The water moccasin zombie misses you.
The foxfire hits the two-headed ogre.
The two-headed ogre is lightly wounded.
You conjure some foxfire!
The foxfire hits the water moccasin zombie.
The water moccasin zombie is heavily damaged.
The water moccasin zombie barely misses you.
An ogre comes into view. It is wielding a +0 giant club.
You conjure some foxfire!
The foxfire hits the two-headed ogre.
The two-headed ogre is lightly wounded.
The scorpion closely misses you.
The two-headed ogre hits you with a +0 giant club.
The two-headed ogre closely misses you.
You conjure some foxfire!
The foxfire hits the two-headed ogre.
The two-headed ogre is lightly wounded.
The foxfire hits the two-headed ogre.
The two-headed ogre is moderately wounded.
The scorpion closely misses you.
You conjure some foxfire!
The foxfire hits the two-headed ogre.
The two-headed ogre is moderately wounded.
The scorpion misses you.
The two-headed ogre hits you with a +0 giant club!!
Ouch! That really hurt!
* * * LOW HITPOINT WARNING * * *
The two-headed ogre hits you with a +0 giant club!
You die...

..... #.. ##.... #..
#...O. #.. #.....# #.
#.# #...... ###. #.#
.?.8..Z ....## #.#
......s## #..#####.#
#.....O@####.......##
.#.....vv..#........##
#
#..####.....#..###..###
... ####....## ##.... .
#...## ##.## ##.## #.#
### ###


You could see a two-headed ogre (ally target), an ogre, a scorpion (ally target)
and a water moccasin zombie.

Vanquished Creatures
  Grinder (D:4)
  Sigmund (D:4)
  Eustachio (D:3)
  An ogre (D:4)
  A centaur (D:5)
  Blork the orc (D:4)
  A necrophage (D:5)
  2 scorpions
  A wyvern zombie (D:6)
  A wyvern skeleton (D:6)
  3 killer bees (D:5)
  A howler monkey (D:4)
  A jelly (D:4)
  A centaur zombie (D:6)
  3 hounds
  Natasha (thrice) (D:3)
  3 orc wizards
  7 gnolls (D:2)
  5 adders
  A howler monkey skeleton (D:6)
  A white imp (D:5)
  3 worms
  A dart slug (D:4)
  11 orcs
  5 bats
  11 endoplasms
  3 giant cockroaches
  5 goblins
  14 hobgoblins
  2 jackals (D:2)
  5 quokkas
  10 ball pythons
  3 frilled lizards
  7 kobolds
  8 rats
128 creatures vanquished.

Vanquished Creatures (collateral kills)
  16 foxfires
16 creatures vanquished.

Vanquished Creatures (others)
  806 foxfires
  4 plants (D:3)
810 creatures vanquished.

Grand Total: 954 creatures vanquished

Notes
Turn   | Place    | Note
-------+----------+-------------------------------------------
     0 | D:1      | Hubjo the Deep Elf Fire Elementalist began the quest for
                  | the Orb.
     0 | D:1      | Reached XP level 1. HP: 10/10 MP: 6/6
   445 | D:1      | Reached XP level 2. HP: 16/16 MP: 6/8
   791 | D:1      | Found a faded altar of an unknown god.
   982 | D:1      | Reached skill level 1 in Fighting
  1172 | D:2      | Reached XP level 3. HP: 20/20 MP: 0/9
  1315 | D:2      | Found an iron altar of Okawaru.
  1717 | D:2      | Reached XP level 4. HP: 26/26 MP: 3/11
  2475 | D:3      | Reached XP level 5. HP: 30/30 MP: 9/13
  2485 | D:3      | Learned a level 4 spell: Flame Wave
  2922 | D:3      | Found a white marble altar of Elyvilon.
  2933 | D:3      | Found a snail-covered altar of Cheibriados.
  2935 | D:3      | Found a stormy altar of Qazlal.
  3492 | D:3      | Noticed Natasha
  3504 | D:3      | Killed Natasha
  3733 | D:3      | Noticed Natasha
  3746 | D:3      | Killed Natasha
  4009 | D:3      | Noticed Natasha
  4025 | D:3      | Killed Natasha
  4221 | D:4      | Reached XP level 6. HP: 36/36 MP: 7/14
  4230 | D:4      | Noticed Eustachio
  4439 | D:3      | Killed Eustachio
  4440 | D:3      | Reached skill level 5 in Spellcasting
  4440 | D:3      | Reached skill level 5 in Fire Magic
  4844 | D:4      | Noticed Grinder
  4845 | D:4      | Reached skill level 5 in Stealth
  4845 | D:4      | Reached XP level 7. HP: 41/41 MP: 9/16
  4850 | D:4      | Killed Grinder
  5249 | D:4      | Found a blossoming altar of Fedhas.
  5312 | D:4      | Found a burning altar of Makhleb.
  5524 | D:4      | Noticed Blork the orc
  5539 | D:4      | Killed Blork the orc
  5697 | D:4      | Noticed Sigmund
  5705 | D:4      | Killed Sigmund
  5706 | D:4      | Reached XP level 8. HP: 40/48 MP: 14/19
  5881 | D:4      | Found a radiant altar of Vehumet.
  5881 | D:4      | Found a hide-covered altar of Uskayaw.
  6229 | D:5      | Entered Level 5 of the Dungeon
  6516 | D:5      | Found Winef's Lightly-Used Armoury.
  6871 | D:5      | Learned a level 5 spell: Fireball
  7045 | D:5      | Found a staircase to the Ecumenical Temple.
  7269 | Temple   | Entered the Ecumenical Temple
  7366 | Temple   | Became a worshipper of Ashenzari the Shackled
  7779 | D:6      | Noticed a two-headed ogre
  7793 | D:6      | Mangled by a two-headed ogre

Illustrated notes

Levels and vault maps discovered:
D:1:      zaba_arrival_water, layout_basic,
          hellmonk_ecumenical_altar_crossroads, due_unseen_surprise
D:2:      layout_rooms, basic_altar
D:3:      layout_loops_ring, nicolae_elyvilon_temple_path,
          chequers_temple_overflow_statue_of_worship, minmay_close_crescents,
          uniq_natasha
D:4:      layout_basic, gammafunk_temple_overflow_elements,
          gammafunk_temple_overflow_pools, uniq_sigmund, uniq_grinder,
          uniq_eustachio, uniq_blork_the_orc
D:5:      layout_loops_ring, minmay_temple_entry_crystal_x,
          corexii_corridor_pit, minmay_shop_damaged
D:6:      layout_layer_cave, lemuel_round_altar, grunt_temple_overflow_open,
          serial_undead, serial_undead_d, serial_undead_a, serial_undead_b,
          serial_undead_d, serial_undead_a, serial_undead_d
Temple:   minmay_temple_curvy_loop

Skill      XL: |  1  2  3  4  5  6  7  8 |
---------------+-------------------------+-----
Fighting       | 1 2 3 4 |  4.3
Stealth        | 3 4 5 6 |  6.8
Spellcasting   | 4 5 6 7 |  7.1
Fire Magic     | 4 5 7 |  7.6
Conjurations   | 3 |  3.3
Dodging        | |  2.4

Action                   |  1- 3 |  4- 6 |  7- 9 || total
-------------------------+-------+-------+-------++-------
Melee: Unarmed           |     1 |       |       ||     1
       Hand axe          |       |     2 |       ||     2
       Dagger            |       |       |     1 ||     1
 Cast: Foxfire           |   106 |   201 |   200 ||   507
       Fireball          |       |       |     3 ||     3
  Use: Potion            |       |     4 |       ||     4
       Scroll            |       |     2 |     6 ||     8
Armor: Robe              |     2 |    14 |     7 ||    23
Dodge: Dodged            |    13 |    28 |    17 ||    58

Table legend: (Time is in decaauts)
 A = Elapsed time spent in this place.
 B = Non-inter-level travel time spent in this place.
 C = Inter-level travel time spent in this place.
 D = Time resting spent in this place.
 E = Time spent auto-exploring this place.
 F = Levels seen in this place.
 G = Mean time per level.
                   A        B        C        D        E       F      G
               +--------+--------+--------+--------+--------+-----+--------+
         Total |   7808 |   7458 |    350 |     16 |   6220 |   7 | 1115.4 |
       Dungeon |   7574 |   7247 |    327 |     16 |   6033 |   6 | 1262.3 |
        Temple |    234 |    211 |     23 |      0 |    187 |   1 |  234.0 |
               +--------+--------+--------+--------+--------+-----+--------+

Top non-repeatable levels by time:
     D:3: 2232 daAuts
     D:4: 1536 daAuts
     D:2: 1422 daAuts
     D:5: 1090 daAuts
     D:1: 1054 daAuts
     D:6: 237 daAuts
  Temple: 234 daAuts
